 Dungeon Crawl Stone Soup version 0.19-a0-1773-gaa448fe (webtiles) character file.

114 zxpr0jk the Chiller (level 4, -1/33 HPs)
             Began as a Draconian Ice Elementalist on Oct 12, 2016.
             Slain by Crazy Yiuf
             ... wielding a +4 quarterstaff of chaos
              (4 damage)
             ... on level 2 of the Dungeon.
             The game lasted 00:03:28 (1429 turns).

zxpr0jk the Chiller (Draconian Ice Elementalist)    Turns: 1429, Time: 00:03:28

Health: -1/33      AC: 11    Str: 10    XL:     4   Next: 66%
Magic:  0/8        EV: 12    Int: 16    God:
Gold:   87         SH:  0    Dex: 12    Spells: 2 memorised, 4 levels left

rFire  . . .     SeeInvis .     r - +0 halberd
rCold  . . .     Gourm    .     (armour unavailable)
rNeg   . . .     Faith    .     (shield currently unavailable)
rPois  +         Spirit   .     (helmet restricted)
rElec  .         Dismiss  .     p - +0 cloak
rCorr  .         Reflect  .     (no gloves)
MR     .....     Harm     .     (no boots)
Stlth  ++........               (no amulet)
                                q - ring of poison resistance
                                k - ring of flight

@: icy armour, drained, slow
A: unfitting armour, cold-blooded, AC +5
a: Evoke Flight


You were on level 2 of the Dungeon.
You were not hungry.

You visited 1 branch of the dungeon, and saw 2 of its levels.

You collected 87 gold pieces.

Inventory:

Hand Weapons
 f - a +0 short sword
 r - a +0 halberd (weapon)
Missiles
 o - a poisoned javelin (quivered)
Armour
 p - a +0 cloak (worn)
Jewellery
 k - a ring of flight (left hand)
 q - a ring of poison resistance (right hand)
Scrolls
 d - a scroll of random uselessness {unknown}
 e - a scroll of fog {unknown}
 g - a scroll of blinking {unknown}
 j - 2 scrolls of teleportation {unknown}
 l - 2 scrolls of identify {unknown}
 s - a scroll of enchant armour {unknown}
 t - a scroll of immolation {unknown}
 u - a scroll of fear {unknown}
 v - a scroll of recharging {unknown}
Potions
 m - a potion of cure mutation {unknown}
Books
 a - a book of Frost

   Spells                             Type                      Level
   a - Freeze                         Ice                          1
   b - Throw Frost                    Conjuration/Ice              2
   c - Ozocubu's Armour               Charms/Ice                   3
   d - Throw Icicle                   Conjuration/Ice              4
   e - Summon Ice Beast               Ice/Summoning                4
Comestibles
 b - a bread ration
 c - a slice of pizza
 h - 3 meat rations


   Skills:
 - Level 1.7(1.4) Dodging
 - Level 1.7(1.4) Stealth
 + Level 2.8(2.5) Spellcasting
   Level 1.0(0.7) Conjurations
 * Level 5.0(4.6) Ice Magic


You had 4 spell levels left.
You knew the following spells:

 Your Spells              Type           Power        Failure   Level  Hunger
a - Freeze                Ice            ###.         3%          1    #......
b - Ozocubu's Armour      Chrm/Ice       #.......     28%         3    ###....


Dungeon Overview and Level Annotations

Branches:
Dungeon (2/15)

Altars:

Annotations:
D:2 Crazy Yiuf


Innate Abilities, Weirdness & Mutations

Your plain brown scales are hard. (AC +5)
You cannot fit into any form of body armour.
You are cold-blooded and may be slowed by cold attacks.


Message History

* * * LOW HITPOINT WARNING * * *
You feel sick. Crazy Yiuf barely misses you.
It was a potion of curing.
You feel better.
Crazy Yiuf sings, "Trees, trees, trees, circus!"
Crazy Yiuf drinks a potion.
Crazy Yiuf seems to speed up.
Casting: Ozocubu's Armour
Confirm with . or Enter, or press ? or * to list all spells.
Aiming: Freeze
Press: ? - help, Shift-Dir - straight line, f/p - Crazy Yiuf
Aim: Crazy Yiuf, wielding a quarterstaff of chaos and wearing a cloak (moderately wounded, fast, poisoned)
You freeze Crazy Yiuf.
Crazy Yiuf is severely wounded.
Crazy Yiuf cries, "You leg down broken song, no?"
Crazy Yiuf hits you but does no damage.
Crazy Yiuf hits you with a quarterstaff of chaos!
* * * LOW HITPOINT WARNING * * *
You feel drained.
* * * LOW HITPOINT WARNING * * *
Crazy Yiuf hits you with a quarterstaff of chaos.
You die...

##.##
#.##.#
#...#
#.##.# ###
##..##
#.##.# #.#
#....#
#.##.# #.#
♣....♣
#....# #.#
♣♣...♣
######
#########.#
♣♣.♣♣
..........#
♣♣.♣
#########.#
♣@♣♣
#####.#
♣♣g♣
#####.....#
♣.♣♣
......###.#
#(# #######
### ...
#...# #)..#
#####


You could see Crazy Yiuf.

Vanquished Creatures
  4 gnolls (D:2)
  2 adders (D:2)
  2 oozes
  A dart slug (D:2)
  3 leopard geckos (D:2)
  An orc (D:2)
  A ball python (D:1)
  5 goblins
  4 hobgoblins
  3 jackals (D:1)
  2 quokkas (D:2)
  4 bats
  2 frilled lizards
  7 kobolds
  6 rats
47 creatures vanquished.

Notes
Turn   | Place    | Note
-------+----------+-------------------------------------------
     0 | D:1      | zxpr0jk the Draconian Ice Elementalist began the quest for the Orb.
     0 | D:1      | Reached XP level 1. HP: 14/14 MP: 3/3
   239 | D:1      | Reached XP level 2. HP: 13/20 MP: 0/5
   825 | D:2      | Reached skill level 4 in Ice Magic
   825 | D:2      | Reached XP level 3. HP: 26/26 MP: 6/6
   833 | D:2      | Learned a level 3 spell: Ozocubu's Armour
   997 | D:2      | Found a runed door.
  1168 | D:2      | Reached XP level 4. HP: 15/33 MP: 0/8
  1394 | D:2      | Reached skill level 5 in Ice Magic
  1420 | D:2      | Noticed Crazy Yiuf
  1429 | D:2      | Slain by Crazy Yiuf

Vault maps used:
D:1:      shiori_angband_town
D:2:      uniq_crazy_yiuf_cottage

Skill      XL: |  1  2  3  4 |
---------------+-------------+-----
Ice Magic      | 4 5 |  5.0
Dodging        | |  1.7
Stealth        | |  1.7
Spellcasting   | |  2.8
Conjurations   | |  1.0

Action                   |  1- 3 |  4- 6 || total
-------------------------+-------+-------++-------
Melee: Unarmed           |    18 |       ||    18
       Tailslap          |    10 |     3 ||    13
       Hand axe          |    62 |       ||    62
       Short sword       |    26 |    23 ||    49
       Halberd           |       |    14 ||    14
Throw: Javelin           |       |     4 ||     4
 Cast: Freeze            |    20 |     4 ||    24
       Ozocubu's Armour  |     3 |     1 ||     4
  Use: Potion            |       |     2 ||     2
 Stab: Sleeping          |     4 |       ||     4
  Eat: Chunk             |     2 |     1 ||     3
Armor: Skin              |    42 |    16 ||    58
Dodge: Dodged            |   102 |    16 ||   118
